 Dungeon Crawl Stone Soup version 0.25-a0-822-g6581751b11 (webtiles) character file.

Game seed: 747940617774086213, levelgen mode: deterministic

3117 kae the Grappler (level 9, -7/57 HPs)
             Began as a Black Draconian Transmuter on Apr 20, 2020.
             Was a Follower of Hepliaklqana.
             Mangled by a large abomination (25 damage)
             ... on level 2 of the Abyss.
             The game lasted 00:05:22 (6838 turns).

kae the Grappler (Black Draconian Transmuter)       Turns: 6838, Time: 00:05:23

Health: -7/57      AC: 12    Str: 15    XL:     9   Next: 60%
Magic:  17/18      EV: 12    Int: 14    God:    Hepliaklqana [*.....]
Gold:   214        SH:  0    Dex: 12    Spells: 9/20 levels left

rFire    . . .     SeeInvis +     - Unarmed
rCold    . . .     Gourm    .   (shield currently unavailable)
rNeg     . . .     Faith    .   (armour unavailable)
rPois    .         Spirit   .   (helmet restricted)
rElec    +         Reflect  .   p - +2 cloak
rCorr    .         Harm     .   (gloves currently unavailable)
MR       .....                  (no boots)
Stlth    +.........             (no amulet)
HPRegen  0.19/turn              k - ring of see invisible
MPRegen  0.16/turn              h - +2 ring of protection

@: blade hands (expiring)
A: breathe lightning, unfitting armour, reduced essence, electricity resistance,
cold-blooded, AC +7
a: Breathe Lightning, End Transformation, Recall Ancestor, Ancestor Identity,
Renounce Religion


You were on level 2 of the Abyss.
You worshipped Hepliaklqana.
Hepliaklqana was aware of your devotion.
You were very hungry.
You had blades for hands.
You visited 1 branch of the dungeon, and saw 7 of its levels.
You visited the Abyss 1 time.

You collected 214 gold pieces.

Inventory:

Hand Weapons
 b - a +1 hand axe (melded)
Missiles
 a - 78 arrows
Armour
 p - a +2 cloak (worn)
Jewellery
 d - an uncursed ring of positive energy
 h - a +2 ring of protection (right scythe-like blade)
 k - a ring of see invisible (left scythe-like blade)
Wands
 g - a wand of disintegration (10)
 i - a wand of polymorph (3)
 l - a wand of flame (15)
 m - a wand of iceblast (14)
 n - a wand of enslavement (11)
Scrolls
 f - a scroll of teleportation
Potions
 e - a potion of curing
 j - a potion of berserk rage
 r - 2 potions of degeneration {unknown}
Comestibles
 c - 8 rations


   Skills:
 - Level 1.1 Fighting
 - Level 1.7 Dodging
 * Level 10.1 Unarmed Combat
 + Level 6.4 Spellcasting
 + Level 7.0 Transmutations


You had 9 spell levels left.
You knew the following spells:

 Your Spells              Type           Power        Failure   Level  Hunger
a - Beastly Appendage     Tmut           ###...       14%         1    None
b - Sticks to Snakes      Tmut           ###.....     17%         2    #......
c - Spider Form           Tmut/Pois      ##........   47%         3    ##.....
d - Blade Hands           Tmut           ###.......   67%         5    ######.

Your spell library contained the following spells:

 Spells                   Type           Power        Failure   Level  Hunger
 Animate Skeleton         Necr           N/A          56%         1    None
 Corona                   Hex            #......      56%         1    None
 Pain                     Necr           #...         56%         1    None
 Ensorcelled Hibernation  Hex/Ice        #.....       65%         2    #......
 Ice Form                 Ice/Tmut       ##......     77%         4    ####...
 Confusing Touch          Hex            #.......     82%         3    ##.....
 Dazzling Flash           Conj/Hex       #.....       82%         3    ##.....
 Tukima's Dance           Hex            #.......     82%         3    ##.....
 Vampiric Draining        Necr           #.........   82%         3    ##.....
 Animate Dead             Necr           N/A          98%         4    ####...
 Agony                    Necr           #.......     100%        5    ######.


Dungeon Overview and Level Annotations

Branches:
Dungeon (6/15)
 Temple: D:4-7

Altars:
Ashenzari
Gozag
Hepliaklqana
Qazlal
The Shining One

Annotations:
D:7 Duvessa


Innate Abilities, Weirdness & Mutations

You can breathe wild blasts of lightning.
Your glossy black scales are hard. (AC +7)
You cannot fit into any form of body armour.
You are resistant to electric shocks. (rElec)
You are cold-blooded and may be slowed by cold attacks.
Your life essence is reduced to manifest your ancestor. (-10% HP)


Message History

Your Transmutations skill increases to level 7!
Unknown command.
You start resting.
Your transformation is almost over.
A large abomination comes into view.
A large abomination is nearby!
A sky beast comes into view.
You hit the large abomination but do no damage.
The large abomination hits you!
You hit the large abomination but do no damage.
You tail-slap the large abomination, but do no damage.
An iron imp comes into view.
You closely miss the large abomination. The large abomination hits you.
The iron imp shouts!
You hit the large abomination but do no damage.
The large abomination closely misses you.
You slash the large abomination!
The large abomination is moderately damaged.
The large abomination hits you!!
You die...

#.# ...# #..#
#..# .....
.... ... ...#
..##$.#
###.#.. #
.##....X##
#.##
....##.@.# #.
.# .##....Y##
##..# .
#..#..##.#. .
.##....... # #
..###.###.
##.#
.....5........
. ....#......
...
....#.....#
#.# .#... ..
.# .


You could see a large abomination, a sky beast and an iron imp.

Vanquished Creatures
  A large abomination (Abyss:2)
  Pikel (D:4)
  A slime creature (D:5)
  Grinder (D:5)
  Sigmund (D:2)
  Eustachio (D:5)
  Edmund (D:4)
  An ogre (D:5)
  2 big kobolds (D:5)
  Dowan (D:7)
  A hound (D:4)
  An orc wizard (D:3)
  2 orc priests (D:3)
  A bullfrog skeleton (D:4)
  4 jellies
  3 iguanas
  Ijyb (D:5)
  3 worker ants
  Robin (D:3)
  7 adders
  An ancestor (D:5)
  6 oozes
  An adder skeleton (D:5)
  2 worms
  2 dart slugs (D:2)
  4 leopard geckos
  4 orcs
  A ball python (D:1)
  6 bats
  5 giant cockroaches
  17 goblins
  15 hobgoblins
  7 jackals
  A quokka (D:4)
  6 frilled lizards
  6 kobolds
  6 rats
125 creatures vanquished.

Vanquished Creatures (collateral kills)
  A slime creature (D:5)
  An ogre (D:4)
  A bullfrog zombie (D:5)
  A hound (D:4)
  A jelly (D:5)
  An orc wizard (D:5)
  A worker ant (D:5)
  An ooze (D:5)
  A leopard gecko (D:5)
  An orc (D:5)
  2 kobolds (D:5)
12 creatures vanquished.

Vanquished Creatures (others)
  An ogre (D:4)
  A hound skeleton (D:4)
  A worm (D:4)
  5 fungi (D:5)
  7 toadstools (D:5)
15 creatures vanquished.

Grand Total: 152 creatures vanquished

Notes
Turn   | Place    | Note
-------+----------+-------------------------------------------
     0 | D:1      | kae the Draconian Transmuter began the quest for the Orb.
     0 | D:1      | Reached XP level 1. HP: 16/16 MP: 3/3
   248 | D:1      | Reached XP level 2. HP: 14/23 MP: 5/5
  1079 | D:2      | Reached XP level 3. HP: 28/28 MP: 4/6
  1083 | D:2      | Learned a level 2 spell: Sticks to Snakes
  1087 | D:2      | Learned a level 3 spell: Spider Form
  1363 | D:2      | Noticed Sigmund
  1431 | D:2      | Killed Sigmund
  1431 | D:2      | Reached skill level 4 in Unarmed Combat
  1431 | D:2      | Reached XP level 4. HP: 12/35 MP: 3/8
  1431 | D:2      | Reached XP level 5. HP: 14/40 MP: 3/9
  1708 | D:2      | Reached skill level 5 in Unarmed Combat
  1992 | D:3      | Noticed Robin
  2031 | D:3      | Killed Robin
  2150 | D:3      | Found a shattered altar of Ashenzari.
  2230 | D:3      | HP: 2/40 [worm (11)]
  2632 | D:3      | Found an opulent altar of Gozag.
  2669 | D:3      | Reached XP level 6. HP: 25/47 MP: 6/11
  3337 | D:3      | Found a hazy altar of Hepliaklqana.
  3347 | D:3      | Became a worshipper of Hepliaklqana the Forgotten
  4141 | D:4      | Reached skill level 6 in Unarmed Combat
  4195 | D:4      | Your scales start taking on a glossy black colour.
  4195 | D:4      | Reached XP level 7. HP: 43/46 MP: 9/12
  4195 | D:4      | Gained mutation: You are resistant to electric shocks.
                  | (rElec) [Black Draconian growth]
  4216 | D:4      | Noticed Pikel
  4224 | D:4      | Killed Pikel
  4224 | D:4      | Reached skill level 7 in Unarmed Combat
  4285 | D:4      | Reached XP level 8. HP: 28/53 MP: 10/14
  4370 | D:4      | Reached skill level 5 in Transmutations
  4715 | D:4      | HP: 1/53 [ogre/+0 giant club (30)]
  4735 | D:4      | Found a glowing golden altar of the Shining One.
  5108 | D:4      | Noticed Edmund
  5120 | D:4      | Killed Edmund
  5212 | D:4      | Reached * piety under Hepliaklqana
  5411 | D:5      | Entered Level 5 of the Dungeon
  5611 | D:5      | Found a stormy altar of Qazlal.
  5667 | D:5      | Noticed Eustachio
  5677 | D:5      | Reached skill level 5 in Spellcasting
  5694 | D:5      | Killed Eustachio
  5694 | D:5      | Reached skill level 8 in Unarmed Combat
  5971 | D:5      | Noticed a slime creature
  5971 | D:5      | Noticed a slime creature
  5996 | D:5      | Killed a slime creature
  6029 | D:5      | Noticed Grinder
  6044 | D:5      | Killed Grinder
  6044 | D:5      | Reached skill level 9 in Unarmed Combat
  6044 | D:5      | Reached XP level 9. HP: 39/57 MP: 14/17
  6138 | D:5      | Noticed Ijyb
  6148 | D:5      | Killed Ijyb
  6753 | D:6      | You fall into a shaft and drop 1 floor!
  6753 | D:7      | Noticed Dowan
  6754 | D:7      | Noticed Duvessa
  6764 | D:7      | Killed Dowan
  6764 | D:7      | Cast into level 2 of the Abyss (Duvessa)
  6799 | Abyss:2  | Noticed a large abomination
  6810 | Abyss:2  | Learned a level 5 spell: Blade Hands
  6813 | Abyss:2  | Killed a large abomination
  6813 | Abyss:2  | Reached skill level 10 in Unarmed Combat
  6838 | Abyss:2  | Mangled by a large abomination

Levels and vault maps discovered:
D:1:      ncdulo_smallfort, layout_loops_cross
D:2:      layout_basic, uniq_sigmund
D:3:      minmay_spotlight, layout_loops_ring, lemuel_coloured_pillars_altar,
          old_standard_altar, first_ration, ashenzari_altar_1, uniq_robin
D:4:      minmay_skewed_foursquare, layout_basic, kennysheep_mini, uniq_edmund,
          uniq_pikel
D:5:      cheibrodos_fertilizer, layout_basic, lemuel_doored_altar,
          uniq_eustachio, uniq_grinder, uniq_ijyb
D:6:      layout_cave_pods, kennysheep_okawaru_gauntlet,
          kb_lookout_dungeons_type
D:7:      layout_basic, nicolae_ru_sacrificial_ziggurat,
          minmay_temple_entry_glass, minmay_mini_ossuary, uniq_duvessa
Abyss:2:  base:
D:7

Skill      XL: |  1  2  3  4  5  6  7  8  9 |
---------------+----------------------------+-----
Unarmed Combat | 4 5 6 7 9 10 | 10.1
Spellcasting   | 3 4 5 6 |  6.4
Transmutations | 3 4 6 7 |  7.0
Fighting       | |  1.1
Dodging        | |  1.7

Action                   |  1- 3 |  4- 6 |  7- 9 || total
-------------------------+-------+-------+-------++-------
Melee: Unarmed           |    39 |    79 |   100 ||   218
       Punch             |     4 |       |     3 ||     7
       Tailslap          |     8 |     6 |     8 ||    22
       Hand axe          |    96 |   130 |    62 ||   288
       Kick              |     5 |     2 |       ||     7
       Headbutt          |     5 |     6 |       ||    11
 Cast: Beastly Appendage |    21 |     8 |       ||    29
       Spider Form       |     1 |    15 |    16 ||    32
       Blade Hands       |       |       |     1 ||     1
 Abil: Breathe Lightning |       |       |     3 ||     3
  Use: Scroll            |     1 |     6 |     5 ||    12
       Potion            |       |     1 |     2 ||     3
 Stab: Sleeping          |     2 |     1 |       ||     3
       Distracted        |       |       |     1 ||     1
  Eat: Chunk             |     2 |    12 |     6 ||    20
       Ration            |       |       |     1 ||     1
Armor: Skin              |    36 |    64 |    45 ||   145
Dodge: Dodged            |   118 |   201 |   147 ||   466

Table legend:
 A = Non-vault XP
 B = Vault XP
 C = Vault XP percentage of total XP
 D = Non-vault monster count
 E = Vault monster count
 F = Vault count percentage of total count
                 A         B        C        D         E       F
            +---------+---------+-------+---------+---------+-------
      Total |    1868 |    2586 |  58.1 |      95 |      41 |  30.1
            +---------+---------+-------+---------+---------+-------
        D:1 |      37 |       0 |   0.0 |      22 |       0 |   0.0
        D:2 |      49 |     212 |  81.2 |      23 |       1 |   4.2
        D:3 |     203 |      43 |  17.5 |      23 |      16 |  41.0
        D:4 |     377 |     829 |  68.7 |      11 |       3 |  21.4
        D:5 |     392 |    1436 |  78.6 |      15 |      20 |  57.1
        D:7 |       0 |      66 | 100.0 |       0 |       1 | 100.0
    Abyss:2 |     810 |       0 |   0.0 |       1 |       0 |   0.0
            +---------+---------+-------+---------+---------+-------
